 Dungeon Crawl Stone Soup version 0.21.1-1-g345015f (webtiles) character file.

157 letownia2 the Conjurer (level 5, -2/28 HPs)
             Began as a Tengu Conjurer on Mar 5, 2018.
             Slain by an orc priest
             ... wielding a +0 war axe
              (9 damage)
             ... on level 7 of the Dungeon.
             The game lasted 00:03:50 (728 turns).

letownia2 the Conjurer (Tengu Conjurer)              Turns: 728, Time: 00:03:51

Health: -2/28      AC:  2    Str:  8    XL:     5   Next: 38%
Magic:  11/19      EV: 13    Int: 16    God:
Gold:   110        SH:  0    Dex: 15    Spells: 4/10 levels left

rFire    . . .     SeeInvis .   i - +0 dagger (venom)
rCold    . . .     Gourm    .   (no shield)
rNeg     . . .     Faith    .   a - +0 robe
rPois    .         Spirit   .   (helmet restricted)
rElec    .         Reflect  .   (no cloak)
rCorr    .         Harm     .   (no gloves)
MR       .....                  (boots unavailable)
Stlth    ++........             (no amulet)
HPRegen  0.09/turn              (no ring)
MPRegen  0.16/turn              o - ring of magical power

@: hasted, very quick
A: beak, talons 3, able to fly 1
a: Fly


You were on level 7 of the Dungeon.
You were not hungry.

You visited 1 branch of the dungeon, and saw 6 of its levels.

You collected 110 gold pieces.

Inventory:

Hand Weapons
 f - a +0 short sword
 i - a +0 dagger of venom (weapon)
Armour
 a - a +0 robe (worn)
Jewellery
 j - an uncursed ring of ice
 k - an uncursed ring of fire
 o - a ring of magical power (right hand)
Scrolls
 d - 6 scrolls of identify {unknown}
 e - 2 scrolls of enchant armour {unknown}
 g - a scroll of remove curse {unknown}
Potions
 h - a potion of haste
 m - a potion of curing {unknown}
 n - a potion of ambrosia {unknown}
Books
 b - a book of Conjurations

   Spells                             Type                      Level
   a - Magic Dart                     Conjuration                  1
   b - Searing Ray                    Conjuration                  2
   c - Dazzling Spray                 Conjuration/Hexes            3
   d - Fulminant Prism                Conjuration/Hexes            4
   e - Force Lance                    Conjuration/Translocation    4
   f - Iskenderun's Mystic Blast      Conjuration                  4
Comestibles
 c - 5 rations
 l - a chunk of flesh


   Skills:
 - Level 2.1 Dodging
 - Level 2.0 Stealth
 - Level 3.2 Spellcasting
 + Level 7.7 Conjurations


You had 4 spell levels left.
You knew the following spells:

 Your Spells              Type           Power        Failure   Level  Hunger
a - Magic Dart            Conj           ####         1%          1    None
l - Searing Ray           Conj           ####..       1%          2    ##.....
x - Dazzling Spray        Conj/Hex       ##....       11%         3    ###....


Dungeon Overview and Level Annotations

Branches:
Dungeon (7/15)
 Temple: D:4-7

Altars:

Annotations:
D:3 letownia2's ghost, amateur TeCj
D:7 1994's ghost, novice DrTm


Innate Abilities, Weirdness & Mutations

You have a beak for a mouth.
You have claws for feet.
You can fly.


Message History

The kobold demonologist gestures wildly while chanting.
The orc closely misses you.
There is a stone staircase leading down here.
You aren't carrying any items that you can evoke.
Unknown command.
The orc barely misses you. The orc priest closely misses you.
You climb downwards.
Level annotation: 1994's ghost, novice DrTm
Found 4 gold pieces.
There is a stone staircase leading up here.
Unknown command.
Okay, then.
You closely miss the orc priest. You claw the orc priest.
The orc priest is moderately wounded.
The orc hits you with a club. x2
* * * LOW HITPOINT WARNING * * *
Unknown command.
It was a potion of haste.
You feel yourself speed up. The orc priest hits you with a war axe!
You die...

......?Z.
..
#...#..<.
#.# # ..
##..) ##$.
.. #... ...
.# ....
##.. ..
...##
##..#.#
...#
.#####ooo.#
....
......o@#
...#.
#########


You could see an orc priest and 3 orcs.

Vanquished Creatures
  A howler monkey (D:4)
  A crimson imp (D:4)
  A worker ant (D:4)
  3 adders
  A worm (D:2)
  3 giant cockroaches
  11 goblins
  3 hobgoblins
  2 kobolds
  2 quokkas
  3 bats
  2 frilled lizards
  2 rats
35 creatures vanquished.

Notes
Turn   | Place    | Note
-------+----------+-------------------------------------------
     0 | D:1      | letownia2 the Tengu Conjurer began the quest for the Orb.
     0 | D:1      | Reached XP level 1. HP: 10/10 MP: 4/4
    81 | D:1      | Reached XP level 2. HP: 12/15 MP: 0/6
   137 | D:2      | Learned a level 2 spell: Searing Ray
   147 | D:2      | Reached skill level 6 in Conjurations
   219 | D:2      | Reached XP level 3. HP: 17/19 MP: 2/7
   224 | D:2      | Learned a level 3 spell: Dazzling Spray
   513 | D:3      | Noticed letownia2's ghost (amateur TeCj)
   528 | D:4      | Reached XP level 4. HP: 21/24 MP: 1/9
   646 | D:4      | Reached skill level 7 in Conjurations
   646 | D:4      | Gained mutation: You can fly. [Tengu growth]
   646 | D:4      | Reached XP level 5. HP: 16/28 MP: 5/10
   709 | D:4      | You fall through a shaft for 3 floors!
   709 | D:7      | Noticed 1994's ghost (novice DrTm)
   723 | D:6      | Noticed a kobold demonologist
   725 | D:6      | Noticed a hellwing
   728 | D:7      | Slain by an orc priest

Skill      XL: |  1  2  3  4 |
---------------+-------------+-----
Conjurations   | 6 7 |  7.7
Spellcasting   | 3 |  3.2
Dodging        | |  2.1
Stealth        | |  2.0

Action                   |  1- 3 |  4- 6 || total
-------------------------+-------+-------++-------
Melee: Short sword       |    13 |       ||    13
       Peck              |     2 |       ||     2
       Kick              |     2 |     2 ||     4
       Dagger            |       |     6 ||     6
 Cast: Magic Dart        |    34 |    10 ||    44
       Searing Ray       |     4 |     1 ||     5
  Use: Potion            |       |     1 ||     1
 Stab: Sleeping          |     1 |       ||     1
Armor: Robe              |     3 |     1 ||     4
Dodge: Dodged            |    13 |    13 ||    26
